 Dungeon Crawl Stone Soup version 0.26.1-11-gd32895ea62 (webtiles) character file.

Game seed: 12183938694779371163

84 MisterFreud the Sneak (level 4, -2/31 HPs)
             Began as a Felid Berserker on June 21, 2021.
             Was a Believer of Trog.
             Slain by Grinder (9 damage)
             ... on level 3 of the Dungeon.
             The game lasted 00:02:46 (2967 turns).

MisterFreud the Sneak (Felid Berserker)             Turns: 2967, Time: 00:02:46

Health: -2/31      AC:  1    Str: 13    XL:     4   Next: 23%
Magic:  5/5        EV: 19    Int:  8    God:    Trog [**....]
Gold:   217        SH:  0    Dex: 16    Spells: 3/3 levels left
                                        Lives:  0   Deaths: 1

rFire    . . .     SeeInvis +     - Unarmed
rCold    . . .     Faith    .   (shield unavailable)
rNeg     . . .     Spirit   .   (armour unavailable)
rPois    .         Reflect  .   (helmet unavailable)
rElec    .         Harm     .   (cloak unavailable)
rCorr    +         Rampage  .   (gloves unavailable)
Will     .....                  (boots unavailable)
Stlth    ..........             (no amulet)
HPRegen  0.10/turn              e - ring of resist corrosion
MPRegen  0.09/turn              (no ring)

@: berserking (expiring), very quick
A: very small, no armour, no weapons or thrown items, stealth, claws 1, fangs 3,
see invisible, speed 1, shaggy fur 1, sharp paws
a: Renounce Religion, Berserk, Trog's Hand


You were on level 3 of the Dungeon.
You worshipped Trog.
Trog was pleased with you.
You visited 1 branch of the dungeon, and saw 3 of its levels.

You collected 217 gold pieces.

Inventory:

Jewellery
 e - a ring of resist corrosion (left paw)
 o - an uncursed ring of flight {unknown}
Scrolls
 d - 4 scrolls of identify {unknown}
 i - a scroll of enchant armour {unknown}
 l - a scroll of amnesia {unknown}
 n - 2 scrolls of teleportation {unknown}
Potions
 a - a potion of flight {unknown}
 b - 2 potions of curing {unknown}
 c - a potion of brilliance {unknown}
 f - a potion of degeneration {unknown}
 g - a potion of magic {unknown}
 h - a potion of heal wounds {unknown}
 j - a potion of resistance {unknown}
 k - 2 potions of attraction {unknown}
 m - a potion of haste {unknown}


   Skills:
 - Level 3.0 Fighting
 - Level 4.0 Dodging
 + Level 4.7 Stealth
 + Level 4.6 Unarmed Combat


You had 3 spell levels left.
You didn't know any spells.
Your spell library was empty.

Dungeon Overview and Level Annotations

Branches:
Dungeon (3/15)

Altars:
Qazlal

Annotations:
D:3 Grinder, Ijyb


Innate Abilities, Weirdness & Mutations

You cannot wear armour.
You are incapable of wielding weapons or throwing items.
Your paws allow you to move quietly. (Stealth)
You have sharp claws.
You have razor-sharp teeth.
You have supernaturally acute eyesight. (SInv)
You cover ground quickly.
You are covered in fur. (AC +1)
Your sharp claws are effective at attacking unaware monsters.


Message History

You writhe in agony.
* * * LOW HITPOINT WARNING * * *
You are too injured to fight recklessly!
You are too injured to fight recklessly!
You are too injured to fight recklessly!
A red film seems to cover your vision as you go berserk!
You feel yourself moving faster!
You feel mighty! Grinder closely misses you.
You scratch Grinder but do no damage. Your bite misses Grinder.
Grinder is lightly wounded.
You claw Grinder! Your bite misses Grinder.
Grinder is heavily wounded.
Grinder says, "I used to sell toenails on the black market."
Grinder blinks!
You feel a strong urge to attack something.
Grinder hits you.
* * * LOW HITPOINT WARNING * * *
You claw Grinder!
Grinder is severely wounded.
Grinder hits you!
You die...

(............[#.# #.#
#......####.#.#.# #.#
#......#
#.#.#.###.#############
$......#
#.#5#..##.#............
#..#...#
#.#.#.<##.#.#######....
#..##+##
#.#.#..##.#.#######.###
#.
#.#.#...............##.
#.#.#5.####.##########.
#.#.#.@§...............
#...........#####(.....
#.#.#######.#####.####.
###.#...........#†####.
#.#
#.#.#####'###.#...##.
#.# #.#.#
#....#.#...##. ###.##
#.#.## #....#.#...##.
#....# #....#
#....#.#.##.#. #....#
########....#.#.##.##


You could see Grinder.

Vanquished Creatures
  Jessica (D:2)
  Terence (D:3)
  3 gnolls (D:3)
  3 dart slugs
  4 bats
  6 giant cockroaches
  7 goblins
  5 hobgoblins
  8 jackals (D:1)
  2 quokkas (D:2)
  2 ball pythons
  3 frilled lizards
  2 kobolds (D:1)
  7 rats
54 creatures vanquished.

Notes
Turn   | Place    | Note
-------+----------+-------------------------------------------
     0 | D:1      | MisterFreud the Felid Berserker began the quest for the
                  | Orb.
     0 | D:1      | Reached XP level 1. HP: 10/10 MP: 2/2
    33 | D:1      | Reached skill level 1 in Stealth
   190 | D:1      | Reached XP level 2. HP: 14/14 MP: 3/3
   883 | D:1      | Reached XP level 3. HP: 17/17 MP: 4/4
  1323 | D:2      | Noticed Jessica
  1332 | D:2      | Killed Jessica
  1332 | D:2      | Reached ** piety under Trog
  1368 | D:2      | Found a stormy altar of Qazlal.
  1371 | D:2      | Reached XP level 4. HP: 17/21 MP: 5/5
  2527 | D:3      | Noticed Grinder
  2533 | D:3      | Paralysed by Grinder for 2 turns
  2548 | D:3      | Slain by Grinder
  2549 | D:3      | Reached XP level 3. HP: -3/17 MP: 4/4
  2610 | D:3      | Noticed Ijyb
  2668 | D:3      | Noticed Terence
  2672 | D:3      | Killed Terence
  2673 | D:3      | Reached XP level 4. HP: 21/21 MP: 5/5
  2967 | D:3      | Slain by Grinder

Illustrated notes

Levels and vault maps discovered:
D:1:      erik_arrival_triangle_small, layout_basic
D:2:      layout_rooms, nicolae_qazlal_eye_of_the_storm, uniq_jessica
D:3:      layout_basic, uniq_grinder, uniq_ijyb, uniq_terence

Skill      XL: |  1  2  3  4 |
---------------+-------------+-----
Stealth        | 1 2 3 4 |  4.7
Unarmed Combat | 4 |  4.6
Fighting       | |  3.0
Dodging        | |  4.0

Action                   |  1- 3 |  4- 6 || total
-------------------------+-------+-------++-------
Melee: Unarmed           |    89 |    71 ||   160
       Punch             |     1 |     1 ||     2
       Bite              |     8 |     5 ||    13
Invok: Berserk           |     1 |     4 ||     5
       Trog's Hand       |       |     1 ||     1
 Stab: Sleeping          |     5 |     3 ||     8
Armor: Skin              |     5 |     3 ||     8
Dodge: Dodged            |    87 |    38 ||   125
